 Dungeon Crawl Stone Soup version 0.24.0-5-g267a8d59f4 (webtiles) character file.

Game seed: 15972552151043152019, levelgen mode: classic

320225 EnegeticOcto the Warrior (level 20, -6/172 HPs)
             Began as a Vampire Warper on Nov 1, 2019.
             Was an Initiate of Gozag.
             Killed from afar by an ancient lich (43 damage)
             ... with a crystal spear
             ... on level 1 of the Vaults.
             The game lasted 01:14:27 (53515 turns).

EnegeticOcto the Warrior (Vampire Warper)          Turns: 53515, Time: 01:14:28

Health: -6/172     AC: 33    Str: 25    XL:     20   Next: 62%
Magic:  23/23      EV:  8    Int: 18    God:    Gozag
Gold:   7197       SH: 21    Dex: 14    Spells: 21/23 levels left

rFire    + + .     SeeInvis +   a - +3 scimitar (flame)
rCold    + + +     Gourm    .   c - +0 large shield
rNeg     . . .     Faith    .   Y - +6 gold dragon scales
rPois    +         Spirit   .   l - +2 hat
rElec    +         Reflect  .   H - scarf {rC+ rF+}
rCorr    .         Harm     .   f - +2 pair of gloves
MR       ++++.                  y - +0 pair of boots
Stlth    ..........             x - amulet of Music {Acrobat rElec rC+ MR+ Str+4}
HPRegen  0.58/turn              v - ring of protection from magic
MPRegen  0.18/turn              T - +5 ring of slaying {=R}

@: mighty, regenerating quickly, lightly drained
A: no food, fangs 3, see invisible, deterioration 1, unbreathing
}: 2/15 runes: decaying, serpentine
a: Exsanguinate, Potion Petition, Call Merchant, Bribe Branch, Renounce Religion


You were on level 1 of the Vaults.
You worshipped Gozag.
Gozag was greatly pleased with you.
You were alive.

You visited 7 branches of the dungeon, and saw 35 of its levels.
You visited the Abyss 1 time.
You also visited: Sewer and Volcano.

You collected 18570 gold pieces.
You spent 6296 gold pieces at shops.
You paid 5077 gold pieces to Gozag.

Inventory:

Hand Weapons
 a - a +3 scimitar of flaming (weapon)
 I - a +3 scimitar
 L - a +4 trident of distortion
Missiles
 o - a throwing net (quivered) {!f}
Armour
 c - a +0 large shield (worn)
 f - a +2 pair of gloves (worn)
 l - a +2 hat (worn)
 y - a +0 pair of boots (worn)
 H - a scarf of resistance (worn)
 Y - +6 gold dragon scales (worn)
Jewellery
 v - a ring of protection from magic (left hand)
 x - the amulet of Music (around neck) {Acrobat rElec rC+ MR+ Str+4}
   (You took it off a centaur warrior on level 13 of the Dungeon)

   [amulet of the acrobat]

   It helps you evade while moving and waiting.
   It affects your strength (+4).
   It protects you from cold.
   It insulates you from electricity.
   It affects your resistance to hostile enchantments.
 N - the ring "Jilyceoq" {rF- rC+ Int+3 Slay+3}
   (You took it off a deep elf high priest on level 3 of the Elven Halls)

   [ring of protection from cold]

   It affects your intelligence (+3).
   It affects your accuracy and damage with ranged weapons and melee attacks
   (+3).
   It makes you vulnerable to fire.
   It protects you from cold.
 S - the ring of Suewuzoth {rElec rF++ rN+ AC+2 Str-3}
   (You took it off a deep elf sorcerer on level 3 of the Elven Halls)

   [ring of protection]

   It affects your AC (+2).
   It affects your strength (-3).
   It greatly protects you from fire.
   It insulates you from electricity.
   It protects you from negative energy.
 T - a +5 ring of slaying (right hand) {=R}
Wands
 e - a wand of disintegration (1)
 q - a wand of digging (5)
 B - a wand of polymorph (32)
 K - a wand of acid (5)
 O - a wand of flame (33)
 P - a wand of iceblast (29)
 W - a wand of enslavement (15)
 Z - a wand of scattershot (5)
Scrolls
 h - 7 scrolls of teleportation {@r3 !r}
 n - 5 scrolls of immolation
 z - 2 scrolls of enchant armour
 E - 12 scrolls of fog {!r}
 F - 3 scrolls of magic mapping {@r5 !r}
 Q - 3 scrolls of fear {!r}
 R - 9 scrolls of identify {@r1}
 U - 4 scrolls of vulnerability
 V - 2 scrolls of enchant weapon
 X - 3 scrolls of blinking {@r4}
Potions
 d - 2 potions of might {@q3 !q}
 g - 6 potions of lignification {@q6}
 j - 14 potions of curing {@q1 !q}
 m - 5 potions of ambrosia
 p - 6 potions of haste {@q4 !q}
 r - a potion of agility {@q5 !q}
 s - a potion of berserk rage
 w - 2 potions of invisibility
 A - a potion of cancellation
 C - 3 potions of magic
 D - 3 potions of flight
 G - 2 potions of mutation
 J - 5 potions of resistance
 M - 7 potions of brilliance
Miscellaneous
 b - a lamp of fire
 k - a phial of floods
 u - a fan of gales


   Skills:
 + Level 18.5(18.1) Fighting
   Level 3.4(10.2) Short Blades
 - Level 13.8(13.6) Long Blades
 - Level 0.7(0.5) Throwing
 + Level 15.9(15.6) Armour
 - Level 10.0(9.7) Dodging
 - Level 12.9(12.6) Stealth
 + Level 15.4(15.1) Shields
 - Level 2.0(1.7) Spellcasting
 - Level 2.4(2.1) Translocations
 - Level 5.0(4.7) Evocations


You had 21 spell levels left.
You knew the following spells:

 Your Spells              Type           Power        Failure   Level  Hunger
Y - Blink                 Tloc           N/A          100%        2    N/A

Your spell library contained the following spells:

 Spells                   Type           Power        Failure   Level  Hunger
 Animate Skeleton         Necr           N/A          100%        1    N/A
 Beastly Appendage        Tmut           #.....       100%        1    N/A
 Corona                   Hex            #......      100%        1    N/A
 Freeze                   Ice            #...         100%        1    N/A
 Infusion                 Chrm           #...         100%        1    N/A
 Magic Dart               Conj           #...         100%        1    N/A
 Pain                     Necr           #...         100%        1    N/A
 Shock                    Conj/Air       #...         100%        1    N/A
 Sting                    Conj/Pois      #...         100%        1    N/A
 Summon Small Mammal      Summ           #...         100%        1    N/A
 Call Imp                 Summ           #.......     100%        2    N/A
 Ensorcelled Hibernation  Hex/Ice        #.....       100%        2    N/A
 Poisonous Vapours        Pois/Air       #.....       100%        2    N/A
 Shroud of Golubria       Chrm/Tloc      #.....       100%        2    N/A
 Slow                     Hex            #.......     100%        2    N/A
 Song of Slaying          Chrm           #.......     100%        2    N/A
 Sticks to Snakes         Tmut           #.......     100%        2    N/A
 Swiftness                Chrm/Air       #.......     100%        2    N/A
 Throw Frost              Conj/Ice       #.....       100%        2    N/A
 Call Canine Familiar     Summ           #.......     100%        3    N/A
 Confuse                  Hex            #.......     100%        3    N/A
 Conjure Flame            Conj/Fire      #.......     100%        3    N/A
 Dazzling Spray           Conj/Hex       #.....       100%        3    N/A
 Gell's Gravitas          Tloc           #.........   100%        3    N/A
 Inner Flame              Hex/Fire       #.......     100%        3    N/A
 Lesser Beckoning         Tloc           #.........   100%        3    N/A
 Mephitic Cloud           Conj/Pois/Air  #.......     100%        3    N/A
 Ozocubu's Armour         Chrm/Ice       #.......     100%        3    N/A
 Portal Projectile        Hex/Tloc       #.....       100%        3    N/A
 Regeneration             Chrm/Necr      #.........   100%        3    N/A
 Spectral Weapon          Hex/Chrm       #.......     100%        3    N/A
 Spider Form              Tmut/Pois      #.........   100%        3    N/A
 Static Discharge         Conj/Air       #.......     100%        3    N/A
 Summon Guardian Golem    Hex/Summ       #.......     100%        3    N/A
 Teleport Other           Tloc           #.......     100%        3    N/A
 Tukima's Dance           Hex            #.......     100%        3    N/A
 Vampiric Draining        Necr           #.........   100%        3    N/A
 Airstrike                Air            #.........   100%        4    N/A
 Animate Dead             Necr           N/A          100%        4    N/A
 Cause Fear               Hex            #.........   100%        4    N/A
 Fulminant Prism          Conj/Hex       #.........   100%        4    N/A
 Ice Form                 Ice/Tmut       #.......     100%        4    N/A
 Leda's Liquefaction      Hex/Erth       #.........   100%        4    N/A
 Olgreb's Toxic Radiance  Pois           #.......     100%        4    N/A
 Passage of Golubria      Tloc           N/A          100%        4    N/A
 Summon Ice Beast         Ice/Summ       #.......     100%        4    N/A
 Summon Lightning Spire   Summ/Air       #.......     100%        4    N/A
 Throw Icicle             Conj/Ice       #.......     100%        4    N/A
 Blade Hands              Tmut           #.........   100%        5    N/A
 Bolt of Magma            Conj/Fire/Erth #.........   100%        5    N/A
 Iskenderun's Battlesphe  Conj/Chrm      #.......     100%        5    N/A
 Lightning Bolt           Conj/Air       #.........   100%        5    N/A
 Silence                  Hex/Air        #.........   100%        5    N/A
 Venom Bolt               Conj/Pois      #.........   100%        5    N/A
 Yara's Violent Unravell  Hex/Tmut       #.........   100%        5    N/A
 Bolt of Fire             Conj/Fire      #.........   100%        6    N/A
 Deflect Missiles         Chrm/Air       #.........   100%        6    N/A
 Dispersal                Tloc           #.........   100%        6    N/A
 Iron Shot                Conj/Erth      #.........   100%        6    N/A
 Poison Arrow             Conj/Pois      #.........   100%        6    N/A
 Orb of Destruction       Conj           #.........   100%        7    N/A
 Ring of Flames           Chrm/Fire      #.........   100%        7    N/A
 Spellforged Servitor     Conj/Summ      #.........   100%        7    N/A
 Summon Hydra             Summ           #.........   100%        7    N/A
 Chain Lightning          Conj/Air       #.........   100%        8    N/A
 Discord                  Hex            #.........   100%        8    N/A
 Lehudib's Crystal Spear  Conj/Erth      #.........   100%        8    N/A
 Fire Storm               Conj/Fire      #.........   100%        9    N/A
 Glaciate                 Conj/Ice       #.........   100%        9    N/A

Dungeon Overview and Level Annotations

Branches:
Dungeon (15/15)            Temple (0/1) D:7            Lair (6/6) D:9
  Swamp (4/4) Lair:4        Snake (4/4) Lair:3        Slime (0/5) Lair:6
    Orc (2/2) D:12            Elf (3/3) Orc:2        Vaults (1/5) D:13
 Depths (0/5) D:15          Sewer (visited)         Volcano (visited)

Altars:
Ashenzari
Elyvilon
Fedhas
Gozag
Kikubaaqudgha
Makhleb
Okawaru
Qazlal
Sif Muna
Uskayaw
Vehumet
Xom
Yredelemnul
Beogh
Jiyva

Shops:
D:7 *(   D:10 *=[%   D:14 [   Orc:2 (:}=   Snake:4 (!?   Vaults:1 (

Portals:
Trove: D:12 (give 10 potions of heal wounds)

Annotations:
D:5 2 runed translucent doors
D:6 2 runed translucent doors, 2 transporters, alxmo's ghost, novice MiBe
D:13 exclusion: orange crystal statue
Lair:3 Rupert
Lair:5 exclusion: 3 oklob plants
Snake:3 1 runed translucent door, TheWoodenMan's ghost, adept MiFi
Elf:2 5 runed translucent doors
Vaults:1 2 runed translucent doors, mantisjm's ghost, veteran HOFi; tamionv's ghost, adept GrFi


Innate Abilities, Weirdness & Mutations

You do not eat.
Your natural rate of healing is unusually fast.
You have razor-sharp teeth.
You have supernaturally acute eyesight. (SInv)
You can survive without breathing.
Your body sometimes deteriorates upon taking damage.


Message History

You resist with almost no effort.
You hit the ancient lich but do no damage.
The ancient lich is moderately damaged.
The ancient lich touches you but does no damage.
You barely miss the ancient lich.
The ancient lich is moderately damaged.
The ancient lich points at you and mumbles some strange words.
The crystal spear misses you.
The ancient lich touches you but does no damage.
You hit the ancient lich. You burn the ancient lich.
You bite the ancient lich, but do no damage.
The ancient lich is moderately damaged.
You block the ancient lich's attack.
You hit the ancient lich but do no damage.
The ancient lich is moderately damaged.
The ancient lich touches you but does no damage.
You slice the ancient lich!! You burn the ancient lich.
The ancient lich is severely damaged.
The ancient lich touches you but does no damage.
You slash the ancient lich! You burn the ancient lich.
The ancient lich is severely damaged.
The ancient lich casts a spell at you. You resist with almost no effort.
You closely miss the ancient lich. Your bite misses the ancient lich.
The ancient lich is severely damaged.
The ancient lich touches you but does no damage.
You hit the ancient lich.
The ancient lich is severely damaged.
The ancient lich points at you and mumbles some strange words.
The crystal spear hits you!!!
Your gold dragon scales prevents you from hitting the ancient lich.
The ancient lich is severely damaged.
The ancient lich points at you and mumbles some strange words.
You block the crystal spear.
The ancient lich touches you but does no damage.
You hit the ancient lich.
The ancient lich is severely damaged.
The ancient lich touches you.
You feel drained.
You barely miss the ancient lich. Your bite misses the ancient lich.
The ancient lich is severely damaged.
The ancient lich touches you but does no damage.
You hit the ancient lich but do no damage.
The ancient lich is severely damaged.
The ancient lich touches you but does no damage.
You hit the ancient lich.
The ancient lich is severely damaged.
The ancient lich touches you but does no damage.
You hit the ancient lich.
The ancient lich is severely damaged.
You block the ancient lich's attack.
You completely miss the ancient lich.
The ancient lich is severely damaged.
The ancient lich touches you but does no damage.
You hit the ancient lich but do no damage.
The ancient lich is severely damaged.
You block the ancient lich's attack. The ancient lich casts a spell at you.
The crystal spear hits you!!!
* * * LOW HITPOINT WARNING * * *
You are too injured to fight recklessly!
You are too injured to fight recklessly!
You are too injured to fight recklessly!
You are too injured to fight recklessly!
You are too injured to fight recklessly!
You are too injured to fight recklessly!
You are too injured to fight recklessly!
You are too injured to fight recklessly!
You are too injured to fight recklessly!
You are too injured to fight recklessly!
You are too injured to fight recklessly!
You are too injured to fight recklessly!
Really quaff
i - 2 potions of heal wounds {@q2 !q}?
You feel much better. You block the ancient lich's attack.
Really quaff
d - 3 potions of might {@q3 !q}?
You feel very mighty all of a sudden. You block the ancient lich's attack.
The ancient lich touches you but does no damage.
You slash the ancient lich! You burn the ancient lich.
The ancient lich is almost destroyed.
The ancient lich touches you.
Your shield and gold dragon scales prevent you from hitting the ancient lich.
The ancient lich is almost destroyed.
The ancient lich gestures at you while chanting.
The bolt of acid hits you!
* * * LOW HITPOINT WARNING * * *
You are splashed with acid!
* * * LOW HITPOINT WARNING * * *
You hit the ancient lich but do no damage.
The ancient lich is almost destroyed.
The ancient lich points at you and mumbles some strange words.
The bolt of acid hits you!
* * * LOW HITPOINT WARNING * * *
You are splashed with acid!
* * * LOW HITPOINT WARNING * * *
Really quaff
i - a potion of heal wounds {@q2 !q}?
You feel much better.
The ancient lich gestures at you while chanting.
The crystal spear hits you!!!
You die...
Your body crumbles into a pile of gold.

#.####.####.#
#.........(......
#....#......#
#................
#############
#................
#................ #########
#................
#.......######$#######'#######
#.......'.......# #......#
#.......#..##§..# #......#
#.§W§p..#§##§@..# #......#
#.LWLp..#...§L#.# #......#
#§W.$RR.#.##§##.# #......#
####'#######...§#..# #......#
#.....# #..§§...# #......#
..###..######'###### #......#
.#####..#.........# #......#
.....##.#.........# ########
#.....#.#.........#


You could see an ancient lich.

Vanquished Creatures
  Vashnia (Snake:4)
  A tentacled monstrosity (Swamp:3)
  A lich (Vaults:1)
  2 deep elf blademasters (Elf:3)
  2 deep elf master archers (Elf:3)
  A tentacled starspawn (Abyss:2)
  Kirke (Swamp:1)
  A thorn hunter (Swamp:4)
  Gastronok (Lair:2)
  5 nagarajas (Snake:4)
  3 vault wardens (Vaults:1)
  A frost giant (Orc:2)
  An orc warlord (Orc:2)
  12 deep elf sorcerers
  Louise (Swamp:4)
  An ironheart preserver (Vaults:1)
  4 deep elf elementalists (Elf:3)
  4 very ugly things (Vaults:1)
  A lorocyproca (Abyss:2)
  6 deep elf demonologists
  12 deep elf annihilators (Elf:3)
  An eidolon (Abyss:2)
  5 deep elf death magi
  Snorg (D:11)
  3 fire dragons (Swamp:4)
  4 deep elf high priests (Elf:3)
  Josephine (Lair:6)
  3 ogre magi (Vaults:1)
  3 vault guards
  A rakshasa (Vaults:1)
  12 naga warriors
  An ice dragon (Vaults:1)
  17 hydras
  2 shambling mangroves
  3 catoblepae
  5 centaur warriors
  11 anacondas
  12 alligators
  17 two-headed ogres
  A tengu warrior (D:15)
  4 death yaks (Lair:6)
  7 orc high priests
  A deep troll shaman (Lair:6)
  A vampire mage (D:15)
  2 thrashing horrors (Abyss:2)
  23 naga sharpshooters
  5 shock serpents
  A wretched star (Abyss:2)
  8 deep elf knights
  Nergalle (D:10)
  An unseen horror (D:11)
  5 large abominations (Abyss:2)
  A shadow wraith (Vaults:1)
  4 fire crabs
  A salamander mystic (Snake:4)
  10 skeletal warriors
  3 sea snakes
  A wizard (D:13)
  9 naga ritualists
  6 orc knights
  7 swamp dragons
  An ironbrand convoker (Vaults:1)
  3 spriggan druids
  A lindwurm (shapeshifter) (Elf:2)
  8 mana vipers
  60 deep elf magi
  A lindwurm (Lair:6)
  15 deep elf archers
  5 orc sorcerers (Orc:2)
  2 necromancers
  32 ugly things
  9 salamanders
  2 wolf spiders (Vaults:1)
  A manticore (D:12)
  3 guardian serpents
  An apocalypse crab (Abyss:2)
  27 naga magi
  6 cyclopes
  An ice statue (D:13)
  35 black mambas
  2 vault sentinels (Vaults:1)
  14 elephants
  2 centaur skeletons
  16 spiny frogs
  2 gargoyles (D:12)
  A spiny frog (shapeshifter) (Elf:3)
  10 komodo dragons
  3 rime drakes
  2 freezing wraiths (Vaults:1)
  3 ancient zymes (Abyss:2)
  2 efreet
  A yaktaur (shapeshifter) (D:12)
  16 yaktaurs
  A jumping spider (shapeshifter) (Elf:2)
  A polar bear (Lair:6)
  10 trolls
  11 tyrant leeches
  20 blink frogs
  11 hornets
  36 slime creatures
  2 dream sheep (D:8)
  5 bog bodies
  A fire dragon zombie (D:15)
  A meliai zombie (D:12)
  3 spriggan zombies (D:15)
  13 hippogriffs
  5 wraiths
  Sigmund (D:5)
  9 spriggans
  3 wyverns
  5 shadows
  4 air elementals
  2 water elementals
  A yak (shapeshifter) (D:15)
  59 yaks
  2 fire elementals
  21 humans (D:13)
  2 fire bats (Volcano)
  A neqoxec (Abyss:2)
  3 steam dragons (Swamp:4)
  3 hungry ghosts
  3 basilisks
  A chaos spawn (Abyss:2)
  15 vampire mosquitoes
  4 wargs
  A two-headed ogre zombie (D:12)
  17 swamp worms
  A soldier ant (D:12)
  47 nagas
  4 acid dragons
  21 water moccasins
  2 hell hounds (Volcano)
  7 porcupines
  5 black bears
  53 orc warriors
  4 sky beasts
  An eye of draining (D:9)
  27 ogres
  11 swamp drakes
  5 ice beasts
  A boggart (Vaults:1)
  4 phantoms
  2 necrophages
  13 wolves
  21 centaurs
  13 crocodiles
  9 big kobolds
  Blork the orc (D:5)
  20 bullfrogs
  A wyvern zombie (D:12)
  6 earth elementals
  An elf skeleton (D:14)
  4 small abominations (Abyss:2)
  A wyvern skeleton (D:12)
  3 troll zombies
  5 scorpions
  34 killer bees
  A water moccasin skeleton (D:7)
  19 wights
  2 electric eels (D:13)
  A howler monkey (D:9)
  7 crimson imps
  3 lava snakes (Snake:1)
  A bullfrog zombie (D:13)
  6 jellies
  3 human zombies (D:14)
  4 centaur zombies
  6 hounds
  29 orc priests
  2 gnoll shamans (D:6)
  16 orc wizards
  3 iguanas
  A bullfrog skeleton (D:13)
  Ijyb (D:3)
  10 worker ants
  5 ogre zombies (D:12)
  A hound zombie (D:6)
  A mummy (D:14)
  A hound skeleton (D:8)
  28 adders
  5 gnolls (D:6)
  3 river rats (D:4)
  4 shadow imps
  An ufetubus (Abyss:2)
  2 oozes
  3 adder skeletons
  An adder zombie (D:9)
  3 worms
  2 dart slugs (D:1)
  7 leopard geckos
  93 orcs
  15 ball pythons
  8 bats
  9 giant cockroaches
  15 goblins
  10 hobgoblins
  12 jackals
  9 quokkas
  9 frilled lizards
  3 goblin skeletons (D:12)
  5 goblin zombies (D:12)
  2 hobgoblin skeletons (D:12)
  5 hobgoblin zombies (D:12)
  19 kobolds
  A leopard gecko skeleton (D:8)
  An orc skeleton (D:12)
  10 orc zombies
  2 quokka skeletons
  14 rats
  A spectral orc (D:7)
  A lurking horror (Abyss:2)
1583 creatures vanquished.

Vanquished Creatures (collateral kills)
  A salamander (Volcano)
1 creature vanquished.

Vanquished Creatures (others)
  3 hydras (Swamp:4)
  10 dancing weapons
  A swamp dragon (Swamp:4)
  A tengu conjurer (D:15)
  3 steam dragons (Swamp:4)
  A naga (Snake:2)
  5 swamp drakes (Swamp:4)
  A centaur (Volcano)
  2 briar patches (Swamp:4)
  3 bushes
  30 fungi
  17 plants
  2 starspawn tentacles (Abyss:2)
  5 withered plants (D:15)
84 creatures vanquished.

Grand Total: 1668 creatures vanquished

Notes
Turn   | Place    | Note
-------+----------+-------------------------------------------
     0 | D:1      | EnegeticOcto the Vampire Warper began the quest for the
                  | Orb.
     0 | D:1      | Reached XP level 1. HP: 16/16 MP: 3/3
    83 | D:1      | Reached skill level 1 in Stealth
    86 | D:1      | Reached skill level 2 in Fighting
   164 | D:1      | Reached XP level 2. HP: 16/22 MP: 5/5
   623 | D:1      | Reached XP level 3. HP: 27/27 MP: 6/6
   676 | D:1      | Reached skill level 1 in Shields
  1315 | D:2      | Reached XP level 4. HP: 29/34 MP: 7/7
  2146 | D:3      | Found an opulent altar of Gozag.
  2149 | D:3      | Found a stormy altar of Qazlal.
  2152 | D:3      | Found a radiant altar of Vehumet.
  2158 | D:3      | Became a worshipper of Gozag Ym Sagoz the Greedy
  2177 | D:3      | Found a hide-covered altar of Uskayaw.
  2374 | D:3      | Noticed Ijyb
  2390 | D:3      | Killed Ijyb
  2390 | D:3      | Reached XP level 5. HP: 39/39 MP: 8/8
  3025 | D:4      | Got an ichor-stained whip
  3026 | D:4      | Identified the +10 whip "Uxtozxud" {slash, Dex+3} (You
                  | found it on level 4 of the Dungeon)
  3042 | D:4      | Reached skill level 3 in Fighting
  3108 | D:4      | Reached XP level 6. HP: 46/47 MP: 9/9
  3383 | D:4      | Reached skill level 5 in Stealth
  3415 | D:4      | Reached XP level 7. HP: 51/52 MP: 10/10
  3425 | D:4      | Found a glowing drain.
  3435 | Sewer    | Entered a sewer
  3730 | Sewer    | Reached skill level 4 in Fighting
  3825 | Sewer    | Reached skill level 5 in Shields
  4185 | D:5      | Entered Level 5 of the Dungeon
  4202 | D:5      | Reached XP level 8. HP: 54/61 MP: 11/11
  4243 | D:5      | Found an iron altar of Okawaru.
  4541 | D:5      | Noticed Sigmund
  4546 | D:5      | Killed Sigmund
  4615 | D:5      | Noticed Blork the orc
  4625 | D:5      | Killed Blork the orc
  4629 | D:5      | Reached skill level 5 in Fighting
  4638 | D:5      | Found a runed translucent door.
  4720 | D:5      | Found a runed translucent door.
  4909 | D:5      | Found a white marble altar of Elyvilon.
  5036 | D:6      | Found a large runed translucent door.
  5036 | D:6      | Found a large runed translucent door.
  5045 | D:6      | Noticed a hippogriff
  5050 | D:6      | Found a large runed translucent door.
  5050 | D:6      | Found a large runed translucent door.
  5140 | D:6      | Reached XP level 9. HP: 68/68 MP: 12/12
  5246 | D:6      | Found a transporter.
  5575 | D:6      | Reached skill level 6 in Fighting
  6074 | D:6      | Noticed alxmo's ghost (novice MiBe)
  6083 | D:6      | Found a transporter.
  6176 | D:6      | Reached skill level 10 in Stealth
  6495 | D:6      | Got a smoking pewter ring
  6497 | D:6      | Identified the ring of Pokegap {rElec Str+3} (You found it
                  | on level 6 of the Dungeon)
  6535 | D:7      | Found Bacakhlio's General Store.
  6551 | D:7      | Found a staircase to the Ecumenical Temple.
  6773 | D:6      | Reached XP level 10. HP: 47/77 MP: 13/13
  7176 | D:7      | Reached skill level 7 in Fighting
  7218 | D:7      | Found a basalt altar of Yredelemnul.
  7286 | D:7      | Bought a potion of heal wounds for 70 gold pieces
  7288 | D:7      | Bought a glowing scimitar for 175 gold pieces
  7357 | D:8      | Reached skill level 1 in Long Blades
  7390 | D:8      | Noticed a three-headed hydra
  7399 | D:8      | Killed a three-headed hydra
  7651 | D:8      | Found a shimmering blue altar of Sif Muna.
  7707 | D:8      | Reached skill level 10 in Shields
  7757 | D:8      | Found a burning altar of Makhleb.
  8215 | D:9      | Reached XP level 11. HP: 82/85 MP: 14/14
  8262 | D:9      | Found a staircase to the Lair.
  8441 | D:9      | Noticed a two-headed ogre
  8548 | D:9      | Found a shattered altar of Ashenzari.
  8608 | D:9      | Killed a two-headed ogre
  8608 | D:9      | Reached skill level 5 in Long Blades
  9040 | D:10     | Entered Level 10 of the Dungeon
  9389 | D:10     | Reached skill level 8 in Fighting
  9467 | D:10     | Noticed Nergalle
  9684 | D:10     | Noticed a spectral orc warlord
  9718 | D:10     | Killed Nergalle
  9777 | D:10     | Found Mol Lel's Jewellery Emporium.
  9777 | D:10     | Found Peafayme's Food Emporium.
  9782 | D:10     | Found Lucsum's Antique Armour Emporium.
  9787 | D:10     | Found Maczaw's Assorted Antiques.
  9812 | D:10     | Bought a scroll labeled USAHITH ZYNIWN for 20 gold pieces
  9812 | D:10     | Bought a potion of heal wounds for 100 gold pieces
  9879 | D:10     | Noticed a two-headed ogre
 10150 | D:10     | Killed a two-headed ogre
 10150 | D:10     | Reached skill level 1 in Armour
 10498 | D:11     | Noticed Snorg
 10662 | D:11     | Noticed an unseen horror
 10681 | D:11     | Killed an unseen horror
 10848 | D:11     | You fall into a shaft and drop 1 floor!
 10849 | D:12     | Noticed a skeletal warrior
 10849 | D:12     | Noticed a skeletal warrior
 10849 | D:12     | Noticed a skeletal warrior
 11233 | Lair:1   | Entered Level 1 of the Lair of Beasts
 11468 | Lair:1   | Reached XP level 12. HP: 55/94 MP: 15/15
 12637 | Lair:2   | Found a dark tunnel.
 12646 | Volcano  | Entered a volcano
 12658 | Volcano  | Learned a level 2 spell: Blink
 12869 | Volcano  | Noticed a two-headed ogre
 12877 | Volcano  | Reached skill level 9 in Fighting
 12887 | Volcano  | Killed a two-headed ogre
 12889 | Volcano  | Reached skill level 5 in Dodging
 13346 | Lair:2   | Noticed Gastronok
 13381 | Lair:2   | Killed Gastronok
 13591 | Lair:2   | You fall into a shaft and drop 2 floors!
 13750 | Lair:3   | Noticed Rupert
 13897 | Lair:3   | Found a staircase to the Snake Pit.
 14837 | D:10     | Bought the macabre finger necklace {rN+} for 600 gold
                  | pieces
 14837 | D:10     | Found the macabre finger necklace {rN+}
 14837 | D:10     | Bought a +5 ring of slaying for 1705 gold pieces
 15008 | Lair:4   | Reached skill level 10 in Long Blades
 15017 | Lair:3   | Reached XP level 13. HP: 84/101 MP: 16/16
 15924 | Lair:4   | Found a staircase to the Swamp.
 16480 | Lair:5   | Reached skill level 5 in Armour
 17066 | Lair:6   | Entered Level 6 of the Lair of Beasts
 17124 | Lair:6   | Reached skill level 10 in Fighting
 17598 | Lair:6   | Noticed Josephine
 17609 | Lair:6   | Killed Josephine
 18001 | Lair:6   | Reached skill level 1 in Evocations
 18145 | Lair:6   | Reached XP level 14. HP: 79/111 MP: 17/17
 18253 | Lair:6   | Found a staircase to the Slime Pits.
 18253 | Lair:6   | Found a viscous altar of Jiyva.
 19287 | Lair:6   | Got a coiled pewter ring
 19288 | Lair:6   | Identified the ring of Gyunkuat {Wiz Str+2} (You found it
                  | on level 6 of the Lair of Beasts)
 19543 | D:11     | Killed Snorg
 21178 | D:12     | Reached skill level 11 in Fighting
 21206 | D:12     | Found a staircase to the Orcish Mines.
 22309 | D:12     | Found a portal to a secret trove of treasure.
 22448 | D:10     | Bought runed gold dragon scales for 2490 gold pieces
 22546 | Orc:1    | Entered Level 1 of the Orcish Mines
 22796 | Orc:2    | Entered Level 2 of the Orcish Mines
 23130 | Orc:2    | Noticed an orc warlord
 23594 | Orc:2    | Reached XP level 15. HP: 57/119 MP: 18/18
 23598 | Orc:2    | Killed an orc warlord
 23806 | Orc:2    | Noticed an orc warlord
 24016 | Orc:2    | Noticed a frost giant
 24016 | Orc:2    | an orc warlord changed into a frost giant
 24030 | Orc:2    | Killed a frost giant
 24194 | Orc:2    | Found Woopt's Weapon Shoppe.
 24378 | Orc:2    | Reached skill level 10 in Dodging
 24477 | Orc:2    | Found a roughly hewn altar of Beogh.
 24516 | Orc:2    | Gained mutation: Your body sometimes deteriorates upon
                  | taking damage. [a neqoxec]
 24590 | Orc:2    | Found Dedaidyt's Book Emporium.
 24599 | Orc:2    | Reached skill level 5 in Evocations
 24824 | Orc:2    | Found a roughly hewn altar of Beogh.
 24846 | Orc:2    | Found Huxuu's Gadget Boutique.
 24857 | Orc:2    | Found Qeepoqer's Jewellery Shop.
 25250 | Orc:2    | Found a staircase to the Elven Halls.
 26268 | D:13     | Reached skill level 12 in Fighting
 26481 | D:13     | Identified the amulet of Music {Acrobat rElec rC+ MR+
                  | Str+4}
 27037 | D:13     | Found a gate to the Vaults.
 27970 | D:14     | You fall into a shaft and drop 1 floor!
 27970 | D:15     | Entered Level 15 of the Dungeon
 28314 | D:15     | Found a staircase to the Depths.
 28386 | D:15     | Reached XP level 16. HP: 121/129 MP: 19/19
 28574 | D:15     | Found a stormy altar of Qazlal.
 28613 | D:15     | Reached skill level 13 in Fighting
 29099 | D:15     | Reached skill level 10 in Armour
 30020 | D:14     | Found a basalt altar of Yredelemnul.
 30384 | D:14     | Bought a glowing shield for 277 gold pieces
 30647 | Swamp:1  | Entered Level 1 of the Swamp
 32122 | Swamp:1  | Noticed Kirke
 32130 | Swamp:1  | Killed Kirke
 32232 | Swamp:2  | Reached skill level 14 in Fighting
 34781 | Swamp:3  | Reached XP level 17. HP: 130/140 MP: 20/20
 34956 | Swamp:3  | Noticed a tentacled monstrosity
 34982 | Swamp:3  | Killed a tentacled monstrosity
 35357 | Swamp:4  | Entered Level 4 of the Swamp
 35560 | Swamp:4  | Noticed Louise
 35595 | Swamp:4  | Killed Louise
 35595 | Swamp:4  | Reached skill level 15 in Fighting
 36011 | Swamp:4  | Got a decaying rune of Zot
 36838 | Snake:1  | Entered Level 1 of the Snake Pit
 38867 | Snake:2  | Found a blossoming altar of Fedhas.
 39691 | Snake:3  | Found a runed translucent door.
 39692 | Snake:3  | Found a shimmering altar of Xom.
 39692 | Snake:3  | Noticed TheWoodenMan's ghost (adept MiFi)
 39693 | Snake:3  | Identified the +5 lajatang of Dithmenos's Generosity
                  | {chaos, Int+4}
 39724 | Snake:3  | Reached skill level 16 in Fighting
 39927 | Snake:3  | Reached XP level 18. HP: 116/151 MP: 21/21
 41024 | Snake:4  | Entered Level 4 of the Snake Pit
 41415 | Snake:4  | Found Seliuh's Magic Scroll Emporium.
 42190 | Snake:4  | Noticed Vashnia
 42232 | Snake:4  | Killed Vashnia
 43920 | Snake:4  | Got a serpentine rune of Zot
 44453 | Elf:1    | Entered Level 1 of the Elven Halls
 45083 | Elf:1    | Reached skill level 17 in Fighting
 45111 | Elf:1    | Reached XP level 19. HP: 140/161 MP: 22/22
 45472 | Elf:1    | Identified the Grimoire of Supportive Attacks
 46166 | Elf:2    | Found Uczesch Paerch's Jewellery Emporium.
 46308 | Elf:2    | Found a huge runed translucent gate.
 46308 | Elf:2    | Found a huge runed translucent gate.
 46308 | Elf:2    | Found a huge runed translucent gate.
 46315 | Elf:2    | Found a huge runed translucent gate.
 46318 | Elf:2    | Found a huge runed translucent gate.
 46594 | Elf:3    | Entered Level 3 of the Elven Halls
 48149 | Elf:3    | Cast into level 2 of the Abyss (a deep elf demonologist)
 48439 | Abyss:2  | Reached skill level 15 in Armour
 48848 | Elf:3    | Escaped the Abyss
 49068 | Elf:3    | Identified the ring "Jilyceoq" {rF- rC+ Int+3 Slay+3}
 49219 | Elf:3    | Identified the ring of Suewuzoth {rElec rF++ rN+ AC+2
                  | Str-3}
 49332 | Elf:3    | Identified the amulet "Lagiseas" {Harm *Contam *Drain rF+
                  | Dex+5}
 49341 | Elf:3    | Reached XP level 20. HP: 27/170 MP: 23/23
 49643 | Elf:3    | Reached skill level 18 in Fighting
 50023 | Elf:3    | Identified the Reference Book on Hexes and Arcane Weapons
 50515 | Elf:3    | Identified the Catalogue of the Flamy Compass
 50601 | Elf:3    | Identified the +3 chain mail of Winter {Dex+3} (You found
                  | it on level 3 of the Elven Halls)
 50865 | Vaults:1 | Entered Level 1 of the Vaults
 51286 | Snake:4  | Bought a scroll of teleportation for 33 gold pieces
 51286 | Snake:4  | Bought a scroll of teleportation for 33 gold pieces
 51286 | Snake:4  | Bought a scroll of teleportation for 33 gold pieces
 51290 | Snake:4  | Bought a potion of heal wounds for 95 gold pieces
 51290 | Snake:4  | Bought a potion of heal wounds for 95 gold pieces
 51290 | Snake:4  | Bought a potion of might for 76 gold pieces
 51290 | Snake:4  | Bought 2 potions of haste for 380 gold pieces
 51290 | Snake:4  | Bought 2 potions of curing for 114 gold pieces
 51877 | Vaults:1 | Reached skill level 15 in Shields
 51958 | Vaults:1 | Found Uppi's Antique Weapon Shop.
 52387 | Vaults:1 | Noticed an ancient lich
 52389 | Vaults:1 | Noticed mantisjm's ghost (veteran HOFi)
 52392 | Vaults:1 | Noticed an ancient lich
 52394 | Vaults:1 | Noticed tamionv's ghost (adept GrFi)
 52398 | Vaults:1 | Found a runed translucent gate.
 52398 | Vaults:1 | Found a runed translucent gate.
 52398 | Vaults:1 | Found an ancient bone altar of Kikubaaqudgha.
 53514 | Vaults:1 | HP: 3/172 [acid (15)]
 53515 | Vaults:1 | Killed from afar by an ancient lich

Levels and vault maps discovered:
D:1:      wander_arrival_estate, layout_basic
D:2:      layout_basic, hangedman_decor_push
D:3:      kennysheep_goblin_castle, layout_basic,
          grunt_temple_overflow_cloverleaf, kennysheep_potato
D:4:      layout_rooms, portal_sewer_entry_e, first_ration
D:5:      lemuel_insect_pit, layout_basic, elyvilon_altar_5, chequers_garden,
          okawaru_trees_2, uniq_sigmund, uniq_blork_the_orc
D:6:      kennysheep_housing_project, layout_rooms, gammafunk_ghost_stat_death,
          minmay_hollow_rounded_squares
D:7:      layout_rooms, yredelemnul_forgotten_temple_becter, temple_statues,
          serial_shops, shop
D:8:      layout_rooms, makhleb_blood_cavern_becter, basic_altar,
          hangedman_ranch [blue_anna_fruit_fields]
D:9:      layout_irregular_city, due_lair_maze_entry_diamond, basic_altar,
          st_stairs_8, chequers_serial_rivers_marsh
D:10:     minmay_diamond_stairs, layout_irregular_city, minmay_shop_grid_forest,
          uniq_nergalle
D:11:     layout_basic, uniq_snorg
D:12:     layout_basic, zombieorc2_lemuel, enter_trove_5, serial_bayou_pond_d,
          onia_ninara_cookie
D:13:     layout_basic, grunt_vaults_entry_tiered, minmay_more_statues
D:14:     layout_layer_cave, lemuel_mausoleum_altar_yredelemnul
D:15:     gammafunk_depths_entry_grave, layout_cave_pods,
          chequers_serial_rivers_small_a, nicolae_qazlal_general_emergency
Lair:1:   layout_cave_pods
Lair:2:   layout_misc_corridors, enter_volcano_1, serial_bayou_ford_a,
          grunt_megastairs_3, uniq_gastronok
Lair:3:   layout_cave_shapes, minmay_snake_entry_six_corridors,
          serial_bayou_shore_a, uniq_rupert
Lair:4:   layout_gridlike, swamp_mist
Lair:5:   layout_regular_city, dpeg_oklob_1
Lair:6:   grunt_lair_end_beastmaster, layout_small_grid, slime_altar_1,
          uniq_josephine
Swamp:1:  layout_falls_marsh, nicolae_swamp_feature_on_the_river_bank,
          swamp_pool2, uniq_kirke
Swamp:2:  layout_falls_marsh, nicolae_swamp_orc_logging_accident
Swamp:3:  cheibrodos_swamp_monstrosity, layout_falls_marsh,
          hangedman_swamp_diagram
Swamp:4:  swamp_fiery, layout_basic_swamp, uniq_louise
Snake:1:  layout_rooms, grunt_ministairs_12, nicolae_snake_lava_pool
Snake:2:  layout_rooms, basic_altar
Snake:3:  layout_basic, ebering_ghost_xom
Snake:4:  snake_pit, layout_cave_town, serial_shops,
          nicolae_shop_competitors_out_of_business, lemuel_fruit_tree,
          serial_bayou_shore_b, uniq_vashnia
Orc:1:    layout_diamond_mine
Orc:2:    pubby_orc_utopia, serial_shops
Elf:1:    eino_elf_arrival_shootout, layout_rooms, minmay_elf_sorcery,
          hangedman_elf_represent
Elf:2:    layout_geoelf_diagonals, serial_shops, shop, minivault_24, uniq_aizul
Elf:3:    minmay_elf_hall_four_x, layout_gridlike
Vaults:1: gammafunk_vaults_ghost_crypt, v_misc_28, v_misc_14,
          vaults_room_ringed_pool, grunt_vaults_bifocal, serial_ice_g,
          nicolae_vaults_little_squares_4, ontoclasm_vaults_spin,
          vaults_room_grunt_arrival_ludios, nicolae_vaults_border_crossing,
          nicolae_vaults_rhombus_6, ontoclasm_vaults_eye, vaults_room_hallway,
          layout_vaults_ring, serial_shops, shop_fountains

Skill      XL: |  1  2  3  4  5  6  7  8  9 10 11 12 13 14 15 16 17 18 19 20 |
---------------+-------------------------------------------------------------+-----
Stealth        | 1 2 3 4 5 6 8 10 12 | 12.9
Fighting       | 2 3 4 5 6 7 8 9 10 11 12 14 16 17 18 | 18.5
Shields        | 1 2 3 4 5 7 9 10 11 12 13 14 15 | 15.4
Short Blades   | 3 |  3.4
Long Blades    | 4 7 10 11 13 | 13.8
Armour         | 1 4 5 7 9 11 13 14 15 | 15.9
Dodging        | 3 6 8 9 10 | 10.0
Evocations     | 1 4 5 |  5.0
Throwing       | |  0.7
Spellcasting   | |  2.0
Translocations | |  2.4

Action                   |  1- 3 |  4- 6 |  7- 9 | 10-12 | 13-15 | 16-18 | 19-21 || total
-------------------------+-------+-------+-------+-------+-------+-------+-------++-------
Melee: Short sword       |   196 |   153 |       |       |       |       |       ||   349
       Bite              |    15 |    18 |    51 |   113 |   328 |   364 |   198 ||  1087
       Whip              |       |    64 |   428 |   547 |       |       |       ||  1039
       Scimitar          |       |       |       |   356 |  2007 |  2342 |  1284 ||  5989
 Cast: Blink             |       |       |       |       |     1 |       |       ||     1
Invok: Call Merchant     |       |       |       |     2 |       |     1 |     2 ||     5
       Potion Petition   |       |       |       |       |     1 |     2 |       ||     3
 Abil: Evoke Berserk Rag |       |     1 |       |       |       |       |       ||     1
Evoke: Wand              |       |       |       |     7 |    27 |     7 |    11 ||    52
       Phantom mirror    |       |       |       |     1 |       |       |       ||     1
  Use: Scroll            |       |     9 |     8 |    20 |     8 |    12 |     8 ||    65
       Potion            |       |       |     1 |    10 |     8 |     9 |    11 ||    39
 Stab: Sleeping          |     2 |     6 |       |     8 |     4 |       |       ||    20
       Fleeing           |       |     1 |       |       |       |       |       ||     1
       Distracted        |       |       |     3 |     4 |    26 |    17 |     5 ||    55
       Invisible         |       |       |       |       |     5 |       |       ||     5
       Petrifying        |       |       |       |       |     1 |       |       ||     1
       Confused          |       |       |       |       |       |     1 |       ||     1
Armor: Leather armour    |    59 |    31 |       |       |       |       |       ||    90
       Chain mail        |       |    35 |   210 |   385 |   296 |       |       ||   926
       Skin              |       |       |       |    60 |     2 |       |       ||    62
       Gold dragon scale |       |       |       |       |   325 |  1046 |   429 ||  1800
Dodge: Dodged            |   108 |    76 |   116 |   224 |   370 |   832 |   294 ||  2020
Block: Shield            |    63 |    93 |   248 |   581 |  1183 |  1408 |   358 ||  3934
       Large shield      |       |       |       |       |       |       |   343 ||   343
       Rpst.: Scimitar   |       |       |       |    27 |   106 |   153 |    50 ||   336
